[Event "Titled Tuesday Blitz February 14 Early 2023"]
[White "Nikologorsky, Matfei"]
[Black "Malka, Samuel"]
[WhiteFideId "24102474"]
[BlackFideId "20643675"]
[WhiteElo "2182"]
[BlackElo "2165"]
[Result "1/2-1/2"]
[Round "04"]
[TimeControl "180+2"]
[Date "2023.02.15"]
[WhiteClock "0:00:13"]
[BlackClock "0:00:09"]

1. e4 e5 2. Nf3 Nc6 3. Bb5 a6 4. Ba4 Nf6 5. O-O Be7 6. d3 d6 7. c3 O-O 8. Re1 Nd7 9. Nbd2 Nb6 10. Bc2 f5 11. Nf1 f4 12. a4 a5 13. Bb3+ Kh8 14. d4 Qe8 15. Qd3 Bg4 16. h3 Bh5 17. N1h2 Rd8 18. Qb5 Bf6 19. d5 Ne7 20. Qxa5 g5 21. Qb5 Qg6 22. Bd1 Rg8 23. Nd2 Bxd1 24. Rxd1 g4 25. hxg4 h5 26. f3 Bh4 27. Ndf1 hxg4 28. fxg4 Qxe4 29. Qd3 Qxd3 30. Rxd3 Nbxd5 31. a5 Nf6 32. Rh3 Ng6 33. Nf3 Kg7 34. Nxh4 Nxg4 35. Nxg6 Kxg6 36. b4 Kf5 37. b5 e4 38. a6 bxa6 39. bxa6 Ra8 40. a7 e3 41. Nxe3+ Nxe3 42. Bxe3 fxe3 43. Rxe3 c5 44. Re7 Kf6 45. Rb7 Rgd8 46. Re1 d5 47. Kf2 d4 48. cxd4 Rxd4 49. Ree7 Ra4 50. Ke3 Rg4 51. Kf3 Ra4 52. g4 c4 53. Rec7 Kg5 54. Rc5+ Kg6 55. Kf4 c3+ 56. Ke5 R4xa7 57. Rxa7 Rxa7 58. Rxc3 Kg5 59. Rc5 Kxg4 60. Kd6 Kf3 61. Kc6 Rf7 62. Kb6 Rf4 63. Rc6 Re4 64. Kc7 Kf4 65. Rd6 Re5 66. Rc6 Ke4 67. Rd6 Kf5 68. Kc6 Re6 69. Rxe6 Kxe6 1/2-1/2


[Site "https://www.chess.com"]

[Event "Titled Tuesday Blitz February 14 Early 2023"]
[White "Shuvalov, Evgenij"]
[Black "Manon-og, Ramon Jr."]
[WhiteFideId "4187237"]
[BlackFideId "5200776"]
[WhiteElo "2038"]
[BlackElo "1999"]
[Result "1-0"]
[Round "04"]
[TimeControl "180+2"]
[Date "2023.02.15"]
[WhiteClock "0:00:48"]
[BlackClock "0:00:45"]

1. d4 Nf6 2. c4 g6 3. Nc3 d5 4. cxd5 Nxd5 5. e4 Nxc3 6. bxc3 c5 7. Nf3 Bg7 8. Rb1 O-O 9. Be2 cxd4 10. cxd4 Qa5+ 11. Bd2 Qxa2 12. h4 h5 13. O-O Nc6 14. Be3 b6 15. Rc1 Na5 16. Rc7 Qe6 17. Qc2 Bb7 18. Ng5 Qd6 19. e5 Qd8 20. e6 fxe6 21. Qxg6 Rf6 22. Qh7+ Kf8 23. Rfc1 Rc8 24. Rxc8 Bxc8 25. Qe4 Kg8 26. Qa8 Rf8 27. Qe4 Rf6 28. Nh7 Bb7 29. Nxf6+ exf6 30. Qg6 Kf8 31. Bxh5 Qe7 32. Rc7 1-0


[Site "https://www.chess.com"]

[Event "Titled Tuesday Blitz February 14 Early 2023"]
[White "Yurasova, Daria"]
[Black "Weisz, Bryan"]
[WhiteFideId "34146919"]
[BlackFideId "30934133"]
[WhiteElo "2095"]
[BlackElo "1973"]
[Result "1-0"]
[Round "04"]
[TimeControl "180+2"]
[Date "2023.02.15"]
[WhiteClock "0:00:50"]
[BlackClock "0:00:11"]

1. d4 e5 2. dxe5 Nc6 3. Nf3 Nge7 4. g3 Ng6 5. Bg2 Ngxe5 6. O-O Bc5 7. a3 a5 8. b3 Qe7 9. Bb2 O-O 10. Nc3 Nxf3+ 11. Bxf3 Bd4 12. Nd5 Qe5 13. c3 Ba7 14. e3 Ne7 15. Nxe7+ Qxe7 16. c4 d6 17. Qc2 Bh3 18. Rfd1 Rab8 19. Qc3 f6 20. Qxa5 Bb6 21. Qh5 Be6 22. Bd5 Bxd5 23. Qxd5+ Kh8 24. b4 Rfe8 25. Rac1 Rbd8 26. Bd4 Bxd4 27. Qxd4 Ra8 28. Qd3 Qd7 29. c5 Qh3 30. cxd6 cxd6 31. Rc7 Re5 32. Qxd6 Rh5 33. Qd8+ 1-0


[Site "https://www.chess.com"]

[Event "Titled Tuesday Blitz February 14 Early 2023"]
[White "Arenas, David"]
[Black "Lacasa Diaz, Jose Antonio"]
[WhiteFideId "4403177"]
[BlackFideId "2203375"]
[WhiteElo "2426"]
[BlackElo "2359"]
[Result "1-0"]
[Round "04"]
[TimeControl "180+2"]
[Date "2023.02.15"]
[WhiteClock "0:00:54"]
[BlackClock "0:00:31"]

1. e4 c5 2. Nf3 d6 3. Nc3 Nf6 4. e5 dxe5 5. Nxe5 Nbd7 6. Bb5 e6 7. d4 a6 8. Bxd7+ Bxd7 9. Be3 Qc7 10. Nxd7 Nxd7 11. d5 e5 12. O-O f5 13. Re1 Bd6 14. f3 O-O 15. a4 e4 16. fxe4 Bxh2+ 17. Kh1 f4 18. Bf2 Bg3 19. Bxg3 fxg3 20. d6 Qd8 21. Qg4 Ne5 22. Qxg3 Qxd6 23. Rad1 Qh6+ 24. Kg1 Rae8 25. Nd5 Kh8 26. Rf1 Qh5 27. Nc7 Rc8 28. Ne6 Rxf1+ 29. Rxf1 h6 30. Qxg7# 1-0


[Site "https://www.chess.com"]

[Event "Titled Tuesday Blitz February 14 Early 2023"]
[White "Reprintsev, Alexander"]
[Black "Guo, Josh"]
[WhiteFideId "14100541"]
[BlackFideId "2682427"]
[WhiteElo "2253"]
[BlackElo "2112"]
[Result "1-0"]
[Round "04"]
[TimeControl "180+2"]
[Date "2023.02.15"]
[WhiteClock "0:02:24"]
[BlackClock "0:00:39"]

1. e4 c5 2. b3 Nf6 3. e5 Nd5 4. Nc3 Nxc3 5. dxc3 g6 6. Nf3 Bg7 7. Bc4 Nc6 8. O-O O-O 9. Bf4 b6 10. Qd2 Bb7 11. Rad1 d5 12. exd6 exd6 13. Bxd6 Qf6 14. Bxf8 Bxf8 15. Bd5 Rd8 16. Qg5 Be7 17. Qxf6 Bxf6 18. Bxc6 Rxd1 19. Rxd1 1-0


[Site "https://www.chess.com"]

[Event "Titled Tuesday Blitz February 14 Early 2023"]
[White "Dong, Khanh Linh"]
[Black "Lehtosaari, Mauri"]
[WhiteFideId "12403040"]
[BlackFideId "501999"]
[WhiteElo "1900"]
[BlackElo "2176"]
[Result "0-1"]
[Round "04"]
[TimeControl "180+2"]
[Date "2023.02.15"]
[WhiteClock "0:00:03"]
[BlackClock "0:00:08"]

1. e4 c5 2. Nf3 e6 3. d4 cxd4 4. Nxd4 Nc6 5. c4 Bb4+ 6. Bd2 Bc5 7. Nb3 Be7 8. Nc3 Nf6 9. Be2 O-O 10. O-O b6 11. Be3 Bb7 12. Rc1 d6 13. Nd4 a6 14. Nxc6 Bxc6 15. Qd4 Nd7 16. f3 Rc8 17. Rfd1 Re8 18. b4 h6 19. Qd2 Ne5 20. Bf4 Qc7 21. a3 Qb8 22. Kh1 Qa8 23. Qe3 Qb7 24. Bf1 Red8 25. Ne2 Ng6 26. Rd3 Nxf4 27. Nxf4 b5 28. Qf2 bxc4 29. Rdc3 Bb5 30. Bxc4 Bf6 31. R3c2 Ba4 0-1


[Site "https://www.chess.com"]

[Event "Titled Tuesday Blitz February 14 Early 2023"]
[White "Ramirez Allo, Eduardo"]
[Black "Matveeva, Olga"]
[WhiteFideId "2224178"]
[BlackFideId "24107018"]
[WhiteElo "2274"]
[BlackElo "2128"]
[Result "1-0"]
[Round "04"]
[TimeControl "180+2"]
[Date "2023.02.15"]
[WhiteClock "0:00:15"]
[BlackClock "0:00:01"]

1. Nf3 Nf6 2. g3 d5 3. Bg2 c6 4. O-O g6 5. c4 Bg7 6. cxd5 cxd5 7. d4 O-O 8. Nc3 Nc6 9. Ne5 Bf5 10. Bf4 Rc8 11. Rc1 h6 12. Qa4 Bd7 13. Nxd7 Qxd7 14. Rfd1 e6 15. Nb5 a6 16. Nd6 Rc7 17. b3 g5 18. Be5 Nxe5 19. Qxd7 Rxc1 20. Qxb7 Rxd1+ 21. Bf1 Ned7 22. Qxa6 Ne4 23. Nxe4 dxe4 24. e3 Nf6 25. h3 Nd5 26. a4 Nc3 27. Kg2 Rd8 28. Bc4 Rd2 29. Qa5 R8xd4 30. exd4 Bxd4 31. Kf1 Rxf2+ 32. Ke1 e3 33. Qd8+ 1-0


[Site "https://www.chess.com"]

[Event "Titled Tuesday Blitz February 14 Early 2023"]
[White "Jiganchine, Roman"]
[Black "Jimenez Almeida, Luis David"]
[WhiteFideId "2603667"]
[BlackFideId "22242244"]
[WhiteElo "2205"]
[BlackElo "2242"]
[Result "0-1"]
[Round "04"]
[TimeControl "180+2"]
[Date "2023.02.15"]
[WhiteClock "0:00:06"]
[BlackClock "0:00:08"]

1. e4 c6 2. d4 Na6 3. c4 e5 4. Ne2 Nf6 5. Nbc3 exd4 6. Nxd4 Bb4 7. Bd3 O-O 8. O-O d6 9. h3 h6 10. Bc2 Re8 11. Qf3 Nc5 12. Re1 d5 13. cxd5 cxd5 14. e5 Nfe4 15. Bf4 Qa5 16. Nxd5 Bxe1 17. Bxe4 Nxe4 18. Qxe4 Be6 19. Nf6+ gxf6 20. Rxe1 f5 21. Qe3 Kh7 22. Rd1 Rad8 23. Bxh6 Qa4 24. Bg5 Qxd1+ 25. Kh2 Qxd4 26. Qg3 Rg8 27. f4 Rxg5 28. Qh4+ Kg7 29. Qxg5+ Kf8 30. Qh6+ Ke8 31. Qh8+ Kd7 32. Qh4 Rc8 33. Qg3 Rc4 34. Qg5 Qxf4+ 0-1


[Site "https://www.chess.com"]

[Event "Titled Tuesday Blitz February 14 Early 2023"]
[White "Mazibuko, Khanya"]
[Black "Aarav Dengla"]
[WhiteFideId "14321041"]
[BlackFideId "45059756"]
[WhiteElo "1913"]
[BlackElo "2343"]
[Result "1-0"]
[Round "04"]
[TimeControl "180+2"]
[Date "2023.02.15"]
[WhiteClock "0:01:07"]
[BlackClock "0:00:05"]

1. e4 c5 2. Nf3 d6 3. d4 cxd4 4. Nxd4 Nf6 5. Nc3 a6 6. Bc4 e6 7. Bb3 b5 8. f3 Be7 9. Be3 Qc7 10. Qd2 Nc6 11. Nxc6 Qxc6 12. g4 h6 13. O-O-O Bb7 14. h4 Nd7 15. Ne2 Nc5 16. Kb1 Nxb3 17. axb3 Qc7 18. Nd4 d5 19. e5 a5 20. f4 a4 21. b4 Qc4 22. c3 O-O 23. f5 exf5 24. gxf5 f6 25. e6 Kh7 26. Rdg1 Rg8 27. Rg6 a3 28. b3 Qc7 29. Bxh6 Qe5 30. Bxg7 Qe4+ 31. Ka2 1-0


[Site "https://www.chess.com"]

[Event "Titled Tuesday Blitz February 14 Early 2023"]
[White "Manukyan, Artyom"]
[Black "Szente Varga, Fruzsina"]
[WhiteFideId "13305786"]
[BlackFideId "712264"]
[WhiteElo "2110"]
[BlackElo "2075"]
[Result "0-1"]
[Round "04"]
[TimeControl "180+2"]
[Date "2023.02.15"]
[WhiteClock "0:00:01"]
[BlackClock "0:00:10"]

1. e4 Nf6 2. e5 Nd5 3. d4 d6 4. Nf3 g6 5. Bc4 c6 6. O-O Bg7 7. Qe2 O-O 8. c3 Bg4 9. Re1 dxe5 10. dxe5 Nd7 11. Bxd5 cxd5 12. Bf4 Qb6 13. Nbd2 Nc5 14. Be3 Qc7 15. h3 Bxf3 16. Nxf3 Ne4 17. Bd4 e6 18. h4 h6 19. g3 b6 20. Kg2 Rac8 21. a4 f6 22. exf6 Bxf6 23. Bxf6 Rxf6 24. Rad1 Rcf8 25. Rd3 Nc5 26. Re3 Nxa4 27. Rxe6 Rxf3 28. Rxg6+ Kh7 29. Qe6 Rxf2+ 30. Kg1 Qf7 31. Rxh6+ Kg7 32. Qxf7+ R8xf7 33. Rd6 Rxb2 34. Rxd5 Nxc3 35. Rg5+ Kf8 36. Kh1 Ne2 0-1


[Site "https://www.chess.com"]

[Event "Titled Tuesday Blitz February 14 Early 2023"]
[White "Eynullayev, Atilla"]
[Black "Rios Escobar, Adan"]
[WhiteFideId "13413570"]
[BlackFideId "3403645"]
[WhiteElo "2281"]
[BlackElo "2234"]
[Result "0-1"]
[Round "04"]
[TimeControl "180+2"]
[Date "2023.02.15"]
[WhiteClock "0:00:04"]
[BlackClock "0:00:02"]

1. d4 Nf6 2. c4 g6 3. Nc3 Bg7 4. e4 O-O 5. Be2 d6 6. Be3 Nc6 7. d5 Ne5 8. f4 Neg4 9. Bd4 Nh6 10. h3 e6 11. dxe6 fxe6 12. Nf3 Nh5 13. Bxg7 Kxg7 14. g3 Nxg3 15. Rg1 Nxe2 16. Nxe2 e5 17. f5 c6 18. Qd2 Nf7 19. h4 d5 20. exd5 cxd5 21. h5 Bxf5 22. cxd5 Rc8 23. Nc3 e4 24. Nd4 Qh4+ 25. Kd1 Qxh5+ 26. Kc1 Ne5 27. Qe3 Nd3+ 28. Kd2 Qh2+ 29. Nde2 Nxb2 30. Qd4+ Rf6 31. Rh1 e3+ 32. Kxe3 Nc4+ 33. Kf3 Be4+ 34. Kg4 h5+ 35. Kg5 Qg2+ 36. Ng3 Qxg3# 0-1


[Site "https://www.chess.com"]

[Event "Titled Tuesday Blitz February 14 Early 2023"]
[White "Nguyen Hong Nhung"]
[Black "Vaglio Munoz, Jaime"]
[WhiteFideId "12412201"]
[BlackFideId "6500145"]
[WhiteElo "2003"]
[BlackElo "2174"]
[Result "0-1"]
[Round "04"]
[TimeControl "180+2"]
[Date "2023.02.15"]
[WhiteClock "0:00:07"]
[BlackClock "0:00:21"]

1. e4 e6 2. d4 d5 3. Nc3 dxe4 4. Nxe4 Nf6 5. Nxf6+ Qxf6 6. Nf3 h6 7. Bd3 Nc6 8. c3 Bd6 9. Be3 O-O 10. Qd2 e5 11. dxe5 Nxe5 12. Nxe5 Bxe5 13. O-O Bf5 14. Bxf5 Qxf5 15. Rad1 Bd6 16. Qe2 Rfe8 17. Qc4 b5 18. Qc6 a6 19. Rd5 Qc2 20. Rd2 Qa4 21. b3 Qh4 22. g3 Qh3 23. Rfd1 h5 24. Rd4 Qf5 25. Rd5 Qg6 26. Rg5 Qc2 27. Qd5 Rad8 28. Rxh5 Qe2 29. Rf5 Re6 30. Qd2 Qg4 31. Rg5 Qf3 32. Qd4 f6 33. Rd5 Rde8 34. Qd2 Rxe3 35. fxe3 Rxe3 36. Rf1 Qe4 37. Rd4 Qe6 38. b4 Re2 39. Qd3 Re3 40. Qf5 Qxa2 41. Qc8+ Kh7 42. Rh4+ Kg6 43. Qf5+ Kf7 44. Qd7+ Re7 45. Qf5 Qe2 46. Qf2 Qe5 47. Rf4 Qxc3 48. Kh1 Bxb4 49. Rf3 Qc6 50. Qg2 Qe6 51. h4 Bd6 52. Qb2 Qe5 53. Kg2 Qxb2+ 54. R1f2 Qe5 55. Rf4 Qd5+ 56. Kh2 Bxf4 0-1


[Site "https://www.chess.com"]

[Event "Titled Tuesday Blitz February 14 Early 2023"]
[White "Fiorito, Francisco"]
[Black "Sovetbekova, Nurai"]
[WhiteFideId "180165"]
[BlackFideId "13801910"]
[WhiteElo "2305"]
[BlackElo "1764"]
[Result "1-0"]
[Round "04"]
[TimeControl "180+2"]
[Date "2023.02.15"]
[WhiteClock "0:00:03"]
[BlackClock "0:00:01"]

1. d4 Nf6 2. Nc3 d5 3. Bf4 g6 4. e3 Bg7 5. Be2 O-O 6. h4 c5 7. h5 Nc6 8. hxg6 hxg6 9. Nf3 Bg4 10. dxc5 Qa5 11. Qd2 Qxc5 12. Bh6 Ne4 13. Nxe4 dxe4 14. Nd4 Bxe2 15. Nxc6 Qxc6 16. Bxg7 Kxg7 17. Qxe2 Rac8 18. O-O-O b5 19. Kb1 a5 20. Rd2 b4 21. Qg4 a4 22. Qg5 Rh8 23. Rxh8 Rxh8 24. Rd1 Rc8 25. Qe5+ Kg8 26. Rc1 b3 27. Qxe7 bxc2+ 28. Ka1 Qd5 29. Qa3 Qd2 30. b3 Qc3+ 31. Qb2 Qd2 32. bxa4 Rc6 33. a5 Qxa5 34. Rh1 1-0


[Site "https://www.chess.com"]

[Event "Titled Tuesday Blitz February 14 Early 2023"]
[White "Gharamian, Tigran"]
[Black "Andreev, Konstantin"]
[WhiteFideId "13301527"]
[BlackFideId "24239305"]
[WhiteElo "2601"]
[BlackElo "2195"]
[Result "0-1"]
[Round "04"]
[TimeControl "180+2"]
[Date "2023.02.15"]
[WhiteClock "0:00:03"]
[BlackClock "0:00:07"]

1. d4 Nf6 2. c4 e6 3. Nf3 d5 4. Nc3 dxc4 5. e4 b5 6. e5 Nd5 7. Nxb5 Nb6 8. Be2 Nc6 9. O-O Be7 10. Be3 O-O 11. a3 Rb8 12. Rc1 Ba6 13. Nc3 Na5 14. Qc2 h6 15. Ne4 Nd5 16. Nfd2 c5 17. dxc5 Nxe3 18. fxe3 Qd5 19. Nxc4 Nxc4 20. Bxc4 Bxc4 21. Qxc4 Qxe5 22. b4 f5 23. Nf2 Bg5 24. e4 Bxc1 25. Rxc1 Qf4 26. exf5 Qxf5 27. Rc2 Qe5 28. h3 Rf4 29. Qe2 Qa1+ 30. Kh2 Qxa3 31. Nd3 Rf6 32. Ne5 Qxb4 33. c6 Rc8 34. c7 Qd6 35. g3 Rxc7 36. Rd2 Qe7 37. Qe4 Rf8 38. Ng6 Qg5 39. Nxf8 Qxd2+ 40. Kg1 Rc1+ 0-1


[Site "https://www.chess.com"]

[Event "Titled Tuesday Blitz February 14 Early 2023"]
[White "Lauridsen, Jesper Morch"]
[Black "Womacka, Mathias"]
[WhiteFideId "1401890"]
[BlackFideId "4611390"]
[WhiteElo "2309"]
[BlackElo "2396"]
[Result "1-0"]
[Round "04"]
[TimeControl "180+2"]
[Date "2023.02.15"]
[WhiteClock "0:00:17"]
[BlackClock "0:00:02"]

1. e4 c5 2. d4 cxd4 3. c3 dxc3 4. Nxc3 Nc6 5. Nf3 d6 6. Bc4 a6 7. O-O Nf6 8. Bg5 Bg4 9. Qb3 e6 10. Qxb7 Na5 11. Qb4 Nxc4 12. Qxc4 Be7 13. e5 Bxf3 14. exf6 gxf6 15. Bh6 Rg8 16. g3 Rg6 17. Be3 Qc8 18. Qd3 Qb7 19. Rfc1 Bh1 20. Qf1 f5 21. Ne2 Be4 22. Nf4 Rh6 23. Nd5 Qxd5 24. Bxh6 Bf6 25. Rd1 Qc6 26. Rac1 Qb6 27. Be3 Qxb2 28. Rxd6 Rd8 29. Rxd8+ Kxd8 30. Qd1+ Ke8 31. Rc8+ Ke7 32. Bc5# 1-0


[Site "https://www.chess.com"]

[Event "Titled Tuesday Blitz February 14 Early 2023"]
[White "Urbina Quiroz, Edwin"]
[Black "Dragomirescu, Angela"]
[WhiteFideId "6500650"]
[BlackFideId "1209914"]
[WhiteElo "2129"]
[BlackElo "2130"]
[Result "0-1"]
[Round "04"]
[TimeControl "180+2"]
[Date "2023.02.15"]
[WhiteClock "0:00:01"]
[BlackClock "0:01:04"]

1. e4 e5 2. Nf3 Nc6 3. c3 Nf6 4. d4 d5 5. Bb5 exd4 6. e5 Ne4 7. cxd4 Bb4+ 8. Bd2 Bxd2+ 9. Nbxd2 Kf8 10. h3 Ne7 11. Qe2 Bf5 12. Bd3 Nxd2 13. Nxd2 h5 14. O-O g6 15. Rac1 Kg7 16. Rc3 c6 17. Nf3 h4 18. Ng5 Rh5 19. f4 a5 20. e6 f6 21. Nf3 Qd6 22. Rcc1 Re8 23. Rce1 Qxf4 24. Bxf5 Nxf5 25. Qc2 Qd6 26. Qb3 b5 27. Qc3 b4 28. Qd3 Rxe6 29. Rxe6 Qxe6 30. Re1 Qd7 31. Qa6 Qc7 32. Rc1 Ne7 33. Re1 Rh8 34. Qd3 Ra8 35. Nxh4 f5 0-1


[Site "https://www.chess.com"]

[Event "Titled Tuesday Blitz February 14 Early 2023"]
[White "Baches Garcia, Guillermo"]
[Black "Smith, Garrett L"]
[WhiteFideId "2209764"]
[BlackFideId "2024829"]
[WhiteElo "2327"]
[BlackElo "2047"]
[Result "1-0"]
[Round "04"]
[TimeControl "180+2"]
[Date "2023.02.15"]
[WhiteClock "0:00:56"]
[BlackClock "0:00:46"]

1. e4 c5 2. Nf3 Nc6 3. d4 cxd4 4. Nxd4 e5 5. Nb5 d6 6. N1c3 a6 7. Na3 Be7 8. Be3 Be6 9. Nc4 b5 10. Nb6 Rb8 11. Ncd5 Nf6 12. Nxf6+ Bxf6 13. Nd5 Bxd5 14. Qxd5 Ne7 15. Qd2 d5 16. exd5 Qxd5 17. O-O-O Rd8 18. Qxd5 Rxd5 19. c4 Rxd1+ 20. Kxd1 bxc4 21. Bxc4 O-O 22. Bxa6 Nd5 23. Bd2 Rd8 24. Ke2 Be7 25. Rc1 h6 26. Rc8 1-0


[Site "https://www.chess.com"]

[Event "Titled Tuesday Blitz February 14 Early 2023"]
[White "Clawitter, Craig"]
[Black "Ponce Cano, Adrian"]
[WhiteFideId "2023105"]
[BlackFideId "22296913"]
[WhiteElo "2050"]
[BlackElo "2210"]
[Result "1-0"]
[Round "04"]
[TimeControl "180+2"]
[Date "2023.02.15"]
[WhiteClock "0:00:07"]
[BlackClock "0:01:56"]

1. e4 c5 2. Nf3 a6 3. c3 d5 4. exd5 Qxd5 5. d4 cxd4 6. cxd4 Nf6 7. Nc3 Qd6 8. g3 e6 9. Bg2 Be7 10. O-O O-O 11. Bf4 Qb4 12. Qb3 Qxb3 13. axb3 Nc6 14. Nb5 Bd7 15. Na3 Nd5 16. Nc4 Nxf4 17. gxf4 Rad8 18. Rfd1 Bf6 19. Nfe5 Bxe5 20. dxe5 f6 21. Nd6 fxe5 22. Nxb7 Nd4 23. fxe5 Bb5 24. Nxd8 Rxd8 25. Bf1 Bc6 26. Bg2 Bb5 27. f3 g5 28. Kf2 Kg7 29. Rac1 Kg6 30. Rd2 Nxb3 31. Rxd8 Nxc1 32. Ke3 Nb3 33. Bh3 Nc5 34. Rd6 h5 35. b4 Nd7 36. Bxe6 Nxe5 37. Bc4+ Kg7 38. Bxb5 axb5 39. Rd5 Nc4+ 40. Kd4 Na3 41. Rxg5+ Kh6 42. Rc5 Kg6 43. f4 h4 44. f5+ Kf6 45. h3 Kg5 46. Ke5 Nc4+ 47. Rxc4 bxc4 48. Kd4 Kxf5 49. b5 c3 50. Kxc3 Kf4 51. b6 Kg3 52. b7 Kxh3 53. b8=Q Kg2 54. Qg8+ Kh1 55. Qh7 Kg2 56. Qxh4 Kg1 57. Qe4 Kf1 58. Qc2 1-0


[Site "https://www.chess.com"]

[Event "Titled Tuesday Blitz February 14 Early 2023"]
[White "Slade, Theodore"]
[Black "SicilianPanzer"]
[WhiteFideId "426547"]
[WhiteElo "1995"]
[BlackElo "2240"]
[Result "1-0"]
[Round "04"]
[TimeControl "180+2"]
[Date "2023.02.15"]
[WhiteClock "0:01:51"]
[BlackClock "0:00:43"]

1. d4 Nf6 2. c4 e6 3. g3 c5 4. d5 exd5 5. cxd5 b5 6. d6 Qb6 7. Bg2 Bb7 8. Bxb7 Qxb7 9. Nf3 Ne4 10. Bf4 Qc6 11. Nc3 Nxd6 12. O-O Ne4 13. Nd5 Na6 14. a4 b4 15. Qd3 Nd6 16. Qxa6 Qxd5 17. Rad1 Qc4 18. Rxd6 1-0


[Site "https://www.chess.com"]

[Event "Titled Tuesday Blitz February 14 Early 2023"]
[White "Smietanska, Wiktoria"]
[Black "Vagman, Roy"]
[WhiteFideId "21869359"]
[BlackFideId "2828995"]
[WhiteElo "1936"]
[BlackElo "2273"]
[Result "1-0"]
[Round "04"]
[TimeControl "180+2"]
[Date "2023.02.15"]
[WhiteClock "0:00:18"]
[BlackClock "0:00:02"]

1. c4 g6 2. Nc3 Bg7 3. g3 Nf6 4. Bg2 O-O 5. e4 d6 6. Nge2 c5 7. O-O Nc6 8. d3 Rb8 9. h3 a6 10. a4 Nb4 11. Be3 Qa5 12. d4 cxd4 13. Nxd4 Qc7 14. b3 Nc6 15. Qd2 Bd7 16. Nd5 Nxd5 17. exd5 Nxd4 18. Bxd4 Bxd4 19. Qxd4 b5 20. cxb5 axb5 21. a5 Qc5 22. Qe4 Rfe8 23. b4 Qa7 24. Rfc1 Bf5 25. Qe2 Rec8 26. Rxc8+ Rxc8 27. Qxb5 Qd4 28. Qa4 Rc2 29. Rf1 Bd3 30. a6 Rb2 31. a7 Bxf1 32. a8=Q+ Kg7 33. Q8a7 Qd2 34. Qe3 Qxe3 35. fxe3 Bxg2 36. Qa1 Bxd5 37. Qxb2+ f6 38. b5 Kf7 39. b6 Bb7 40. Qc3 e5 41. Qc7+ 1-0


[Site "https://www.chess.com"]

[Event "Titled Tuesday Blitz February 14 Early 2023"]
[White "Mazurkiewicz, Michal"]
[Black "Lesbekova, Assel"]
[WhiteFideId "1124943"]
[BlackFideId "13713248"]
[WhiteElo "2145"]
[BlackElo "1772"]
[Result "0-1"]
[Round "04"]
[TimeControl "180+2"]
[Date "2023.02.15"]
[WhiteClock "0:00:01"]
[BlackClock "0:01:29"]

1. e4 c5 2. Nf3 Nc6 3. d3 e6 4. g3 d5 5. Nbd2 Nf6 6. Bg2 Be7 7. O-O O-O 8. e5 Nd7 9. Re1 Qc7 10. Qe2 f6 11. exf6 Nxf6 12. b3 Bd6 13. Bb2 e5 14. Nxe5 Re8 15. f4 d4 16. Ndc4 Bg4 17. Qf2 Nxe5 18. fxe5 Bxe5 19. Nxe5 Rxe5 20. Rxe5 Qxe5 21. Bxb7 Re8 22. Rf1 Bh3 23. Bg2 Bxg2 24. Kxg2 Qe3 25. Bc1 Qe2 26. Qxe2 Rxe2+ 27. Rf2 Re1 28. Bg5 Ng4 29. Rf5 Re2+ 30. Kh3 h5 31. Bf4 Rxh2# 0-1


[Site "https://www.chess.com"]

[Event "Titled Tuesday Blitz February 14 Early 2023"]
[White "Kanyamarala, Tarun"]
[Black "Cramling Bellon, Anna"]
[WhiteFideId "45004714"]
[BlackFideId "32009232"]
[WhiteElo "2342"]
[BlackElo "2043"]
[Result "1-0"]
[Round "04"]
[TimeControl "180+2"]
[Date "2023.02.15"]
[WhiteClock "0:00:08"]
[BlackClock "0:00:03"]

1. d4 Nf6 2. c4 e6 3. Nc3 d5 4. cxd5 exd5 5. Bg5 c6 6. e3 Be7 7. Bd3 O-O 8. h3 h6 9. Bf4 Be6 10. Nf3 Nbd7 11. O-O Rc8 12. Rc1 c5 13. dxc5 Nxc5 14. Bb1 Nce4 15. Ne2 Qa5 16. Ned4 Rxc1 17. Qxc1 Rc8 18. Qd1 Qb4 19. Qe2 Qc4 20. Qd1 Qb4 21. Nb3 a5 22. Be5 a4 23. Nbd4 Nd7 24. a3 Qxb2 25. Nc6 Qxa3 26. Bb2 Qd6 27. Nxe7+ Qxe7 28. Qxa4 Ndc5 29. Qd4 Qf6 30. Ne5 Nb3 31. Qb4 Nbd2 32. Bxe4 Nxe4 33. Qxb7 Qf5 34. Nf3 Ng5 35. Nxg5 hxg5 36. Kh2 Qe5+ 37. Bxe5 Re8 38. Bd6 1-0


[Site "https://www.chess.com"]

[Event "Titled Tuesday Blitz February 14 Early 2023"]
[White "Grycel, Kamil"]
[Black "Zampronha, Wladimir Camilo"]
[WhiteFideId "1115499"]
[BlackFideId "2103087"]
[WhiteElo "2315"]
[BlackElo "2176"]
[Result "1/2-1/2"]
[Round "04"]
[TimeControl "180+2"]
[Date "2023.02.15"]
[WhiteClock "0:00:05"]
[BlackClock "0:00:03"]

1. b3 e5 2. Bb2 Nc6 3. Nf3 d6 4. d4 e4 5. d5 exf3 6. dxc6 bxc6 7. exf3 Nf6 8. Qe2+ Be7 9. Bxf6 gxf6 10. g3 O-O 11. Bg2 Bf5 12. O-O d5 13. Nc3 Bb4 14. Na4 Re8 15. Qd1 Bd6 16. f4 Qe7 17. c4 Be4 18. Re1 Qd7 19. Bxe4 Rxe4 20. Rxe4 dxe4 21. c5 e3 22. cxd6 exf2+ 23. Kxf2 cxd6 24. Qd4 Re8 25. Re1 Rxe1 26. Kxe1 Qh3 27. Qf2 Qf5 28. Qe2 Kg7 29. Kf2 d5 30. Nc5 h5 31. Qd3 Qh3 32. Kg1 h4 33. Qf3 Kf8 34. f5 hxg3 35. hxg3 Qh6 36. Qf4 Qh5 37. g4 Qh4 38. Nd7+ Ke7 39. Nb8 Qe1+ 40. Kg2 Qe2+ 41. Kh3 Qd3+ 42. Kh4 Qc2 43. Qg3 Qc1 44. Kh3 Qh6+ 45. Kg2 Qd2+ 46. Qf2 Qc1 47. Na6 Qf4 48. Qg3 Qd2+ 49. Kh3 Qxa2 50. Nc5 Qb1 51. Qe3+ Kf8 52. Qh6+ Ke7 53. Qe3+ Kf8 54. Kg3 Qc2 55. Nd7+ Kg7 56. Nc5 Qb1 57. Nd3 Qc2 58. Nf4 Qd1 59. Nh5+ Kf8 60. Qc5+ Ke8 61. Qxc6+ Ke7 62. Qc7+ Ke8 63. Qc8+ Ke7 64. Qc7+ Kf8 65. Qd6+ Kg8 66. Nxf6+ Kg7 67. Nh5+ Kg8 68. Qd8+ Kh7 69. Nf6+ Kg7 70. Nh5+ Kh7 71. Qg5 Qg1+ 72. Kf3 Qd1+ 73. Kg2 Qe2+ 74. Kh3 Qf1+ 75. Kh2 Qf2+ 76. Kh3 Qf1+ 77. Kh4 Qf2+ 78. Kh3 Qf1+ 1/2-1/2


[Site "https://www.chess.com"]

[Event "Titled Tuesday Blitz February 14 Early 2023"]
[White "Thiel, Thomas"]
[Black "Taichman, Ori"]
[WhiteFideId "4615964"]
[BlackFideId "2804069"]
[WhiteElo "2234"]
[BlackElo "2299"]
[Result "0-1"]
[Round "04"]
[TimeControl "180+2"]
[Date "2023.02.15"]
[WhiteClock "0:00:43"]
[BlackClock "0:01:07"]

1. e4 c5 2. Nc3 Nc6 3. Bb5 Nd4 4. Bc4 g6 5. Nf3 Bg7 6. Nxd4 cxd4 7. Qf3 Nh6 8. Ne2 O-O 9. d3 Ng4 10. Bb3 d6 11. O-O a5 12. a4 Ne5 13. Qg3 Nd7 14. Qh4 Nc5 15. Bg5 Nxb3 16. Bxe7 Qb6 17. Bxf8 Nxa1 18. Bxg7 Kxg7 19. Rxa1 Qxb2 20. Rf1 Qxc2 21. Nxd4 Qxd3 22. Nb5 Bd7 23. Nc7 Rc8 24. Nd5 Qd4 25. Qe7 Bxa4 26. Qxb7 Rc2 27. Qe7 Bb5 28. Nf4 Qxf2+ 29. Rxf2 Rc1+ 0-1


[Site "https://www.chess.com"]

[Event "Titled Tuesday Blitz February 14 Early 2023"]
[White "Bochnicka, Vladimir"]
[Black "Kohler, Aran"]
[WhiteFideId "14943450"]
[BlackFideId "1002856"]
[WhiteElo "2327"]
[BlackElo "2010"]
[Result "1-0"]
[Round "04"]
[TimeControl "180+2"]
[Date "2023.02.15"]
[WhiteClock "0:01:15"]
[BlackClock "0:00:49"]

1. e4 c6 2. d4 d5 3. e5 c5 4. dxc5 e6 5. a3 Bxc5 6. b4 Bb6 7. Nf3 Ne7 8. Bb2 Ng6 9. h4 O-O 10. h5 Nh8 11. Bd3 h6 12. Nbd2 Nc6 13. Rh3 f5 14. exf6 gxf6 15. Rg3+ Kf7 16. Nb3 Ke7 17. Qd2 Nf7 18. Rg6 e5 19. O-O-O Be6 20. Nh4 Rc8 21. Bf5 Qd7 22. g4 d4 23. Bxe6 Qxe6 24. Nf5+ Ke8 25. Ng7+ Ke7 26. Nxe6 Kxe6 27. f4 Ne7 28. Rg7 Nd5 29. fxe5 fxe5 30. Re1 Ne3 31. Rxe3 dxe3 32. Qd3 Nd6 33. Rg6+ Rf6 34. Rxf6+ Kxf6 35. Qxd6+ Kg5 36. Qxe5+ Kh4 37. Bd4 1-0


[Site "https://www.chess.com"]